 Dungeon Crawl Stone Soup version 0.28-a0-984-g3775c662fe (webtiles) character file.

Game seed: 1990558339815799130

43403 ryw the Fighter (level 14, -9/116 HPs)
             Began as a Human Brigand on Dec 3, 2021.
             Was an Elder of Dithmenos.
             Mangled by a blink frog (39 damage)
             ... on level 4 of the Lair of Beasts.
             The game lasted 01:08:50 (20481 turns).

ryw the Fighter (Human Brigand)                    Turns: 20481, Time: 01:08:51

Health: -9/116     AC: 14    Str: 10 (11) XL:     14   Next: 60%
Magic:  0/20       EV:  2    Int: 12      God:    Dithmenos [****..]
Gold:   1006       SH:  0    Dex: 26      Spells: 19/19 levels left

rFire   . . .      SeeInvis +   h - +6 dagger (protect)
rCold   . . .      Faith    .   (no shield)
rNeg    . . .      Spirit   +   s - +0 troll leather armour
rPois   .          Reflect  .   m - +2 helmet
rElec   .          Harm     .   c - +1 cloak
rCorr   .          Rampage  .   p - +2 pair of gloves
Will    +....                   (no boots)
Stlth   ++++++++..              f - amulet of guardian spirit
HPRegen 1.09/turn               r - +6 ring of dexterity
MPRegen 0.17/turn               x - ring of see invisible

@: sleeping, hasted, wreathed by umbra
A: iridescent scales 1, deterioration 1
a: Renounce Religion, Shadow Step


You were on level 4 of the Lair of Beasts.
You worshipped Dithmenos.
Dithmenos was greatly pleased with you.
You visited 4 branches of the dungeon, and saw 17 of its levels.
You visited the Abyss 1 time.

You collected 1030 gold pieces.
You spent 24 gold pieces at shops.

Inventory:

Hand Weapons
 h - a +6 dagger of protection (weapon)
Missiles
 q - 6 atropa-tipped darts (quivered)
 v - 2 throwing nets
 G - 5 curare-tipped darts
Armour
 c - a +1 cloak (worn)
 e - a +1 hat
 m - a +2 helmet (worn)
 p - a +2 pair of gloves (worn)
 s - a +0 troll leather armour (worn)
Jewellery
 f - an amulet of guardian spirit (around neck)
 g - an amulet of regeneration
 o - a ring of fire
 r - a +6 ring of dexterity (left hand)
 w - a ring of ice
 x - a ring of see invisible (right hand)
 D - an amulet of the acrobat
 E - a ring of flight
 L - a ring of protection from fire
Wands
 u - a wand of acid (1)
 y - a wand of polymorph (7)
 A - a wand of charming (2)
 B - a wand of flame (17)
 F - a wand of iceblast (7)
Scrolls
 l - 4 scrolls of amnesia
 n - 10 scrolls of identify
 t - 3 scrolls of fog
 H - a scroll of summoning
 J - a scroll of fear
 K - a scroll of blinking
 M - a scroll of acquirement {unknown}
Potions
 a - 3 potions of lignification
 b - 11 potions of curing
 d - 2 potions of might
 i - 2 potions of brilliance
 j - 3 potions of flight
 k - a potion of cancellation
 z - 2 potions of haste
 C - 4 potions of ambrosia {unknown}
 I - 2 potions of resistance
 N - a potion of magic {unknown}


   Skills:
 + Level 12.9 Fighting
 - Level 10.0 Short Blades
 - Level 5.0 Throwing
 + Level 12.0 Dodging
 + Level 12.8 Stealth
 + Level 3.1 Spellcasting
 - Level 8.0 Invocations


You had 19 spell levels left.
You didn't know any spells.
Your spell library contained the following spells:

 Spells                   Type           Power      Damage    Failure   Level
 Apportation              Tloc           2%         N/A       32%         1
 Passage of Golubria      Tloc           1%         N/A       97%         4
 Alistair's Intoxication  Tmut/Pois      0%         N/A       100%        5
 Borgnjor's Vile Clutch   Necr/Erth      0%         N/A       100%        5
 Silence                  Hex/Air        0%         N/A       100%        5
 Eringya's Noxious Bog    Tmut/Pois      0%         N/A       100%        6
 Lehudib's Crystal Spear  Conj/Erth      0%         10d2      100%        8


Dungeon Overview and Level Annotations

Branches:
Dungeon (11/15)            Temple (1/1) D:7            Lair (4/6) D:9
 Spider (0/4) Lair:4          Orc (1/2) D:9
  Swamp: Lair:2-4    Shoals: Lair:2-4

Altars:
Dithmenos
Fedhas
Makhleb
Okawaru
Qazlal
Ru
Trog
Uskayaw
Vehumet
Wu Jian
Xom
The Shining One

Shops:
D:3 (   D:4 (   D:7 *   D:10 *

Annotations:
D:7 2 transporters
D:8 1 runed translucent door, 1 exclusion, pdpol's ghost, novice PaWr
Lair:1 exclusion: oklob plant


Innate Abilities, Weirdness & Mutations

You are partially covered in iridescent scales. (AC +2)
Your body sometimes deteriorates upon taking damage.


Message History

The dream sheep completely misses you.
You puncture the water moccasin!
The water moccasin is almost dead.
The dream sheep closely misses you. The dream sheep misses you.
You miss the water moccasin.
The water moccasin is almost dead.
A blink frog comes into view.
The water moccasin bites you but does no damage.
You hit the water moccasin.
The water moccasin is almost dead.
The dream sheep completely misses you.
You hit the water moccasin.
You kill the water moccasin!
Dithmenos accepts your kill.
The dream sheep ruffle their wool and motes of dream dust sparkle, to no effect.
The dream sheep bites you.
* * * LOW HITPOINT WARNING * * *
Unknown command.
The blink frog blinks!
You see here a water moccasin corpse.
Unknown command.
The blink frog blinks!
You barely miss the dream sheep. You puncture the dream sheep!
The dream sheep is moderately wounded.
The dream sheep misses you.
You hit the dream sheep.
The dream sheep is heavily wounded.
Your surroundings suddenly seem different.
The blink frog blinks!
The dream sheep shake their wool and sparkle.
You feel drowsy...
You fall asleep.
The blink frog blinks! x2
The blink frog hits you but does no damage.
The blink frog blinks!
The blink frog hits you but does no damage.
The blink frog blinks! x2
The blink frog hits you but does no damage.
The blink frog hits you!!!
You die...

.....###§.....#.
....
.F.####........
....
##..#.........#
....
##..#...#######
... #.FF....#
#.###§F.....#
##.#..Y....##
#..F.Y.Y†.##
##.@####†###
#...###†#.##
...####.....#
..... ##..#..#
........##..##..#
##.....##..###P.#
##....#..####P.#
#........#.#..#
####...#.#.....##


You could see 4 blink frogs and 3 dream sheep.

Vanquished Creatures
  Gastronok (Lair:1)
  A fire dragon (D:11)
  4 hydras
  2 two-headed ogres
  10 death yaks
  A hell hog (D:9)
  A wretched star (Abyss:1)
  2 lindwurms (Lair:3)
  A wolf spider (Lair:3)
  Joseph (D:8)
  A black mamba (Lair:1)
  10 elephants
  2 gargoyles
  An apocalypse crab (Abyss:1)
  9 cane toads
  A hellwing (Abyss:1)
  2 rime drakes
  7 komodo dragons
  2 trolls
  3 polar bears
  A queen bee (Lair:1)
  6 slime creatures
  17 blink frogs
  A dream sheep (Lair:4)
  2 redbacks
  29 yaks
  4 fire bats (D:8)
  6 wyverns
  8 basilisks
  2 steam dragons
  An acid dragon (D:10)
  10 water moccasins
  A hell hound (D:8)
  7 orc warriors
  3 black bears
  A hornet zombie (D:7)
  A sky beast (D:7)
  A necrophage (D:4)
  6 wolves
  A centaur (D:7)
  An ogre (D:10)
  2 phantoms (D:6)
  A kobold brigand (D:9)
  12 bullfrogs
  A small abomination (D:9)
  3 wyvern skeletons
  A scorpion (D:7)
  A water moccasin zombie (D:6)
  33 killer bees
  3 wights (D:9)
  5 electric eels (D:10)
  A centaur zombie (D:5)
  2 howler monkeys
  A quasit (Abyss:1)
  2 hounds
  A jelly (D:6)
  3 orc priests
  A centaur skeleton (D:7)
  A bullfrog skeleton (D:6)
  A gnoll shaman (D:4)
  An iguana (D:6)
  Natasha (D:2)
  12 orc wizards
  A killer bee zombie (D:6)
  8 adders
  4 gnolls
  A howler monkey skeleton (D:4)
  2 river rats
  A shadow imp (D:8)
  A white imp (D:7)
  5 worms
  A dart slug (D:3)
  60 orcs
  6 ball pythons
  7 endoplasms
  3 giant cockroaches
  11 goblins
  7 hobgoblins
  2 jackals (D:3)
  4 quokkas
  2 bats (D:3)
  2 frilled lizards (D:2)
  9 kobolds
  8 rats
  2 fire vortices (D:8)
407 creatures vanquished.

Vanquished Creatures (others)
  An orc (D:10)
  37 fungi
  25 plants
  8 toadstools (Lair:1)
71 creatures vanquished.

Grand Total: 478 creatures vanquished

Notes
Turn   | Place    | Note
-------+----------+-------------------------------------------
     0 | D:1      | ryw the Human Brigand began the quest for the Orb.
     0 | D:1      | Reached XP level 1. HP: 16/16 MP: 1/1
     6 | D:1      | Noticed a swamp drake
     6 | D:1      | Noticed a black bear
     7 | D:1      | Noticed a black mamba
     7 | D:1      | Noticed a lindwurm
   180 | D:1      | Reached XP level 2. HP: 22/22 MP: 2/2
   785 | D:1      | Reached XP level 3. HP: 28/28 MP: 3/3
  1195 | D:2      | Noticed Natasha
  1208 | D:2      | Killed Natasha
  1209 | D:2      | Reached XP level 4. HP: 24/34 MP: 4/4
  2257 | D:3      | Reached XP level 5. HP: 41/41 MP: 5/5
  2631 | D:3      | Found Edielufe's Weapon Shoppe.
  2638 | D:3      | Found a faded altar of an unknown god.
  2862 | D:4      | Noticed a black bear
  2866 | D:4      | Reached XP level 6. HP: 48/48 MP: 6/6
  2916 | D:4      | Noticed a necrophage
  3012 | D:3      | Killed a black bear
  3013 | D:3      | Reached skill level 5 in Short Blades
  3108 | D:4      | Found Plog's Antique Weapon Shop.
  3371 | D:4      | Killed a necrophage
  3372 | D:4      | Reached XP level 7. HP: 45/55 MP: 7/7
  3664 | D:5      | Entered Level 5 of the Dungeon
  4292 | D:5      | Found a sacrificial altar of Ru.
  4360 | D:5      | Found a stormy altar of Qazlal.
  4479 | D:5      | Identified the +7 spear "Camnuyn" {antimagic, Str+2}
  4926 | D:6      | Reached XP level 8. HP: 61/61 MP: 8/8
  4965 | D:6      | Reached skill level 5 in Fighting
  6013 | D:7      | Reached XP level 9. HP: 67/69 MP: 9/9
  6250 | D:7      | Found a transporter.
  6300 | D:7      | Found a transporter.
  6330 | D:7      | Found Focoisha's Assorted Antiques.
  6342 | D:7      | Bought a scroll labelled JEDANA CA HAONT for 24 gold pieces
  6351 | D:7      | Noticed a gargoyle
  6375 | D:7      | Killed a gargoyle
  6449 | D:7      | Found a staircase to the Ecumenical Temple.
  6473 | Temple   | Entered the Ecumenical Temple
  6601 | Temple   | Became a worshipper of Dithmenos the Shadowed
  7093 | D:7      | Reached skill level 5 in Dodging
  7238 | D:8      | Noticed Joseph
  7308 | D:8      | Killed Joseph
  7309 | D:8      | Reached skill level 5 in Stealth
  7309 | D:8      | Reached XP level 10. HP: 35/77 MP: 10/10
  7476 | D:7      | Reached skill level 10 in Short Blades
  7976 | D:8      | You fall into a shaft and drop 3 floors!
  7979 | D:11     | Noticed a gargoyle
  7982 | D:11     | Noticed a manticore
  8013 | D:11     | Killed a gargoyle
  8018 | D:11     | Noticed a fire dragon
  8019 | D:11     | Gained mutation: You have sharp toenails. [potion of
                  | mutation]
  8022 | D:11     | Killed a fire dragon
  8023 | D:11     | Reached skill level 5 in Throwing
  8057 | D:11     | Noticed a skeletal warrior
  8083 | D:10     | Entered Level 10 of the Dungeon
  8130 | D:10     | Noticed a two-headed ogre
  8491 | D:10     | Killed a two-headed ogre
  8492 | D:10     | Reached XP level 11. HP: 19/87 MP: 11/11
  8872 | D:10     | Found Hobraepe's Assorted Antiques.
  8933 | D:9      | Found a staircase to the Orcish Mines.
  8975 | D:9      | Noticed a two-headed ogre
  8987 | D:9      | Killed a two-headed ogre
  9260 | D:9      | Cast into level 1 of the Abyss (orc warrior)
  9654 | Abyss:1  | Noticed a wretched star
  9659 | Abyss:1  | Killed a wretched star
  9756 | Abyss:1  | Lost mutation: You have sharp toenails. [potion of
                  | mutation]
  9756 | Abyss:1  | Gained mutation: Your body sometimes deteriorates upon
                  | taking damage. [potion of mutation]
  9756 | Abyss:1  | Gained mutation: You are partially covered in iridescent
                  | scales. (AC +2) [potion of mutation]
  9798 | Abyss:1  | Noticed a worldbinder
  9836 | Abyss:1  | Noticed a hell hog
  9836 | Abyss:1  | Noticed a hell hog
  9844 | Abyss:1  | Noticed a hell hog
  9849 | D:9      | Escaped the Abyss
  9947 | D:9      | Found a staircase to the Lair.
 10007 | D:8      | Reached * piety under Dithmenos
 10020 | D:8      | Found a runed translucent door.
 10021 | D:8      | Noticed an ogre mage
 10023 | D:8      | Noticed pdpol's ghost (novice PaWr)
 10686 | Lair:1   | Entered Level 1 of the Lair of Beasts
 11044 | D:9      | Reached ** piety under Dithmenos
 11226 | D:9      | Killed a hell hog
 11227 | D:9      | Reached skill level 10 in Fighting
 11227 | D:9      | Reached XP level 12. HP: 96/97 MP: 12/12
 12521 | D:10     | Reached *** piety under Dithmenos
 12787 | Orc:1    | Entered Level 1 of the Orcish Mines
 12828 | Lair:1   | You fall into a shaft and drop 1 floor!
 12828 | Lair:2   | Noticed Gastronok
 12891 | Lair:1   | Reached skill level 1 in Invocations
 13074 | Lair:1   | Reached skill level 10 in Stealth
 13222 | Lair:1   | Upgraded the game from 0.28-a0-983-g1de4e0787c to
                  | 0.28-a0-984-g3775c662fe
 13682 | Lair:1   | Found a blossoming altar of Fedhas.
 14345 | Lair:2   | Noticed a death yak
 14345 | Lair:2   | Noticed a death yak
 14345 | Lair:2   | Noticed a death yak
 14345 | Lair:2   | Noticed a death yak
 14345 | Lair:2   | Noticed a death yak
 14408 | Lair:1   | Killed a death yak
 14460 | Lair:1   | Killed a death yak
 14635 | Lair:1   | Killed a death yak
 14782 | Lair:1   | Killed a death yak
 15007 | Lair:1   | Killed a death yak
 15103 | Lair:2   | Reached skill level 10 in Dodging
 15192 | Lair:1   | Reached XP level 13. HP: 45/106 MP: 10/16
 15389 | Lair:2   | Noticed a seven-headed hydra
 15821 | Lair:1   | Killed a seven-headed hydra
 15822 | Lair:1   | Reached skill level 5 in Invocations
 15929 | Lair:1   | Killed Gastronok
 16334 | Lair:2   | Reached **** piety under Dithmenos
 17627 | Lair:3   | Noticed an eight-headed hydra
 17693 | Lair:2   | Killed an eight-headed hydra
 18062 | Lair:3   | Noticed a six-headed hydra
 18074 | Lair:3   | Killed a six-headed hydra
 18296 | Lair:3   | Reached XP level 14. HP: 105/115 MP: 15/19
 19145 | Lair:3   | Reached skill level 1 in Spellcasting
 19716 | Lair:4   | Found a hole to the Spider Nest.
 20481 | Lair:4   | Mangled by a blink frog

Illustrated notes

Levels and vault maps discovered:
D:1:      onia_arrival_zoo_common, layout_basic, minmay_misc_feat_cross,
          minmay_tetromino_o2
D:2:      layout_basic, uniq_natasha
D:3:      layout_basic, serial_shops, nicolae_shop_behind_doors,
          basic_ecumenical_altar, amcnicky_mini_rare_corridor_liquid
D:4:      wander_river, layout_gridville, serial_shops, shop,
          minmay_goblin_outpost
D:5:      layout_basic, mainiacjoe_overflow_catch_the_wave, serial_aquarium,
          aquarium_bridge_island_small [aquarium_subvault_small_water,
          aquarium_subvault_wall, aquarium_subvault_window,
          aquarium_subvault_wall, aquarium_subvault_bridge], aquarium_window_2,
          aquarium_window_1, aquarium_window_corridor_1, aquarium_view_2f,
          aquarium_view_2f, aquarium_balcony_1b, aquarium_pool_corner
D:6:      layout_rooms
D:7:      gammafunk_steamed_eel, layout_basic,
          minmay_temple_entry_enclosed_plants, serial_shops, shop,
          nicolae_elevator_lobby_asterisk
D:8:      layout_basic, ebering_ghost_inner_flame, nrook_mini_backslash,
          minmay_tree_intersection, hangedman_incinerator, uniq_joseph
D:9:      layout_cave_pools, lair_entry_dummy, david_orc_2,
          minmay_variable_closet
D:10:     layout_basic, special_room [special_room_orc], serial_shops,
          nicolae_shop_hallway_stairs
D:11:     minmay_cut_squares, layout_cross
Temple:   mainiacjoe_temple_cubbyholes
Lair:1:   layout_loops_ring, tgw_fedhas
Lair:2:   regret_index_bee_streams, layout_hall_layers,
          infiniplex_staircase_pool_2, uniq_gastronok
Lair:3:   layout_big_grid, nicolae_lair_lindhole, lemuel_fruit_fields
Lair:4:   lemuel_reptile_caves, layout_layer_cave, minmay_shoals_entry_hut,
          spider_nest_entry_funnel_web, wad_woods_03
Orc:1:    layout_diamond_mine, uniq_nergalle, uniq_josephine

Skill      XL: |  1  2  3  4  5  6  7  8  9 10 11 12 13 14 |
---------------+-------------------------------------------+-----
Short Blades   | 3 4 5 6 8 9 10 | 10.0
Fighting       | 3 4 5 6 8 10 11 12 | 12.9
Dodging        | 2 3 5 6 8 10 11 12 | 12.0
Throwing       | 3 5 |  5.0
Stealth        | 5 6 9 10 12 | 12.8
Invocations    | 4 7 8 |  8.0
Spellcasting   | 3 |  3.1

Action                   |  1- 3 |  4- 6 |  7- 9 | 10-12 | 13-15 || total
-------------------------+-------+-------+-------+-------+-------++-------
Melee: Dagger            |    85 |   209 |   448 |  1302 |  1687 ||  3731
       Kick              |       |       |       |    76 |       ||    76
Throw: Dart              |     8 |    37 |    27 |    50 |       ||   122
Invok: Shadow Step       |       |       |       |       |     4 ||     4
Evoke: Wand              |       |       |       |     5 |       ||     5
  Use: Scroll            |       |     6 |     7 |    11 |     3 ||    27
       Potion            |       |       |     1 |     8 |     5 ||    14
 Stab: Sleeping          |     5 |    13 |     2 |    13 |    15 ||    48
       Invisible         |       |     1 |       |     7 |       ||     8
       Distracted        |       |       |     1 |     4 |     6 ||    11
Armor: Robe              |    16 |    45 |   115 |    15 |       ||   191
       Skin              |       |       |       |     6 |       ||     6
       Troll leather arm |       |       |       |   191 |   362 ||   553
Dodge: Dodged            |    25 |    84 |   238 |   710 |  1269 ||  2326

Table legend: (Time is in decaauts)
 A = Elapsed time spent in this place.
 B = Non-inter-level travel time spent in this place.
 C = Inter-level travel time spent in this place.
 D = Time resting spent in this place.
 E = Time spent auto-exploring this place.
 F = Levels seen in this place.
 G = Mean time per level.
                   A        B        C        D        E       F      G
               +--------+--------+--------+--------+--------+-----+--------+
         Total |  18834 |  17754 |   1080 |   2942 |   8053 |  18 | 1046.3 |
       Dungeon |  11506 |  10687 |    819 |   1262 |   5424 |  11 | 1046.0 |
        Temple |    170 |    129 |     41 |      0 |    119 |   1 |  170.0 |
          Lair |   6589 |   6370 |    219 |   1399 |   2509 |   4 | 1647.2 |
  Orcish Mines |      5 |      5 |      0 |      0 |      0 |   1 |    5.0 |
         Abyss |    562 |    562 |      0 |    281 |      0 |   1 |  562.0 |
               +--------+--------+--------+--------+--------+-----+--------+

Top non-repeatable levels by time:
  Lair:1: 2331 daAuts
    D:10: 2035 daAuts
  Lair:2: 1969 daAuts
  Lair:3: 1389 daAuts
     D:8: 1270 daAuts
     D:5: 1227 daAuts
     D:9: 1097 daAuts
     D:7: 1068 daAuts
     D:4: 1030 daAuts
     D:1: 1012 daAuts
     D:2: 990 daAuts
     D:3: 914 daAuts
  Lair:4: 899 daAuts
     D:6: 689 daAuts
 Abyss:1: 562 daAuts
